 Dungeon Crawl Stone Soup version 0.29.0-10-g45618ea6d2 (webtiles) character file.

Game seed: 11223150051558846938

1864 smilodon the Slasher (level 8, -13/61 HPs)
             Began as a Demonspawn Gladiator on Sept 1, 2022.
             Mangled by a white ugly thing (35 damage)
             ... on level 7 of the Dungeon.
             The game lasted 00:15:31 (5660 turns).

smilodon the Slasher (Demonspawn Gladiator)         Turns: 5660, Time: 00:15:32

Health: -13/61     AC: 21    Str: 16    XL:     8   Next: 90%
Magic:  8/8        EV:  3    Int: 10    God:
Gold:   344        SH: 14    Dex: 20    Spells: 7/7 levels left

rFire   . . .      SeeInvis .   g - +2 long sword (flame)
rCold   . . .      Faith    +   B - +0 tower shield
rNeg    + + .      Spirit   .   y - +0 plate armour
rPois   .          Reflect  .   (helmet restricted)
rElec   .          Harm     .   t - +0 cloak
rCorr   .          Rampage  +   L - +0 pair of gloves
Will    .....      Clarity  +   (no boots)
Stlth   ..........              D - amulet "Akurucif" {Faith Rampage rN+ Dex+5}
HPRegen 0.20/turn               v - +4 ring of protection
MPRegen 0.11/turn               G - ring of positive energy

@: no status effects
A: antennae 1, thin metallic scales 2, powered by death 1, clarity
a: no special abilities


You were on level 7 of the Dungeon.
You visited 2 branches of the dungeon, and saw 8 of its levels.
You also visited: Ossuary.

You collected 344 gold pieces.

Inventory:

Hand Weapons
 a - a +0 spectral long sword
 g - a +2 long sword of flaming (weapon)
 C - a +5 spear of venom
 M - a +0 sling
Missiles
 d - 5 throwing nets (quivered)
 e - 3 javelins
Armour
 b - a +0 leather armour
 c - a +0 helmet
 f - a +0 ring mail
 i - a +0 chain mail
 j - a scarf of invisibility
 n - a +0 pair of gloves
 t - a +0 cloak (worn)
 y - a +0 plate armour (worn)
 B - a +0 tower shield (worn)
 L - a +0 pair of gloves (worn)
Jewellery
 v - a +4 ring of protection (left hand)
 D - the amulet "Akurucif" (around neck) {Faith Rampage rN+ Dex+5}
   (You found it on level 4 of the Dungeon)

   [amulet of faith]

   It allows you to gain divine favour quickly.
   Dex:       It affects your dexterity (+5).
   rN:        It protects you from negative energy.
   Rampage:   It bestows one free step when moving towards enemies.
 G - a ring of positive energy (right hand)
 J - a ring of magical power
Wands
 s - a wand of quicksilver (2)
 u - a wand of iceblast (1)
 E - a wand of mindburst (14)
 K - a wand of paralysis (11)
Scrolls
 m - 4 scrolls of identify
 p - 2 scrolls of magic mapping
 q - a scroll of vulnerability {unknown}
 F - a scroll of teleportation
 N - a scroll of fear {unknown}
 O - a scroll of brand weapon
Potions
 h - a potion of haste
 k - a potion of berserk rage {unknown}
 l - 3 potions of might
 o - a potion of magic
 r - a potion of brilliance {unknown}
 x - 2 potions of ambrosia {unknown}
 z - a potion of flight {unknown}
 A - 3 potions of invisibility {unknown}
 H - 2 potions of heal wounds {unknown}
 I - 4 potions of curing


   Skills:
 - Level 4.3 Fighting
 + Level 7.7 Long Blades
 - Level 1.8 Throwing
 * Level 3.9 Armour
 * Level 4.7 Dodging
 - Level 0.2 Stealth
 * Level 3.4 Shields
 + Level 0.1 Evocations


You had 7 spell levels left.
You didn't know any spells.
Your spell library contained the following spells:

 Spells                   Type           Power      Damage    Failure   Level
 Apportation              Tloc           0%         N/A       100%        1
 Slow                     Hex            0%         N/A       100%        1
 Ensorcelled Hibernation  Hex/Ice        0%         N/A       100%        2
 Passwall                 Tmut/Erth      0%         N/A       100%        2
 Confusing Touch          Hex            0%         N/A       100%        3
 Inner Flame              Hex/Fire       0%         N/A       100%        3
 Swiftness                Air            0%         N/A       100%        3
 Vampiric Draining        Necr           0%         2d6       100%        3
 Cause Fear               Hex            0%         N/A       100%        4
 Alistair's Intoxication  Tmut/Pois      0%         N/A       100%        5
 Iskenderun's Battlesphe  Conj           0%         2d6       100%        5
 Iron Shot                Conj/Erth      0%         9d1       100%        6
 Malign Gateway           Summ/Tloc      0%         N/A       100%        7
 Spellforged Servitor     Conj/Summ      0%         N/A       100%        7
 Discord                  Hex            0%         N/A       100%        8
 Summon Horrible Things   Summ           0%         N/A       100%        8


Dungeon Overview and Level Annotations

Branches:
Dungeon (7/15)             Temple (1/1) D:4         Ossuary (visited)

Altars:
Ashenzari
Cheibriados
Dithmenos
Fedhas
Gozag
Kikubaaqudgha
Qazlal
Uskayaw
Vehumet

Shops:
D:1 (   D:5 !


Innate Abilities, Weirdness & Mutations

You have a pair of small antennae on your head.
You are mostly covered in thin metallic scales. (AC +3)
You regenerate a little health from kills.
You possess an exceptional clarity of mind.


Message History

Your +2 long sword of flaming bursts into flame!
g - a +2 long sword of flaming (weapon)
The white ugly thing pecks you but does no damage.
You slash the white ugly thing! You burn the white ugly thing.
The white ugly thing is heavily wounded.
You block the white ugly thing's attack.
You hit the white ugly thing. You burn the white ugly thing.
The white ugly thing is severely wounded.
The white ugly thing pecks you but does no damage.
The white ugly thing completely misses you.
You hit the white ugly thing. You burn the white ugly thing.
The white ugly thing is severely wounded.
The white ugly thing pecks you but does no damage.
You hit the white ugly thing. You burn the white ugly thing.
The white ugly thing is severely wounded.
The white ugly thing pecks you. The white ugly thing freezes you!!
Ouch! That really hurt!
You closely miss the white ugly thing.
The white ugly thing is severely wounded.
You block the white ugly thing's attack.
The white ugly thing pecks you but does no damage.
You hit the white ugly thing. You burn the white ugly thing.
The white ugly thing is severely wounded.
The white ugly thing pecks you but does no damage.
You slash the white ugly thing! You burn the white ugly thing.
The white ugly thing is almost dead.
You block the white ugly thing's attack. x2
Really read the scroll of poison?
The air fills with toxic fumes!
As you read the scroll of poison, it crumbles to dust.
You block the white ugly thing's attack.
You hit the white ugly thing but do no damage.
The white ugly thing is almost dead.
The white ugly thing pecks you but does no damage.
You hit the white ugly thing. You burn the white ugly thing.
The white ugly thing is almost dead.
The white ugly thing barely misses you. The white ugly thing pecks you.
The white ugly thing freezes you!!
Ouch! That really hurt!
You die...

#.'#### #.# #§§#
#.# #§§# #.#
#§§# #.#
######§§# #.#
......§§# #.#
#.#####c# #.#
#u# #.# #@# #.#
#§# #.# #§# #.#
#§# #.#
#§############.#
#§§............#
################


You could see a white ugly thing and a centaur.

Vanquished Creatures
  Maggie (D:7)
  Menkaure (Ossuary)
  A sky beast (D:7)
  A centaur (D:6)
  2 kobold brigands
  A scorpion (D:4)
  A gnoll sergeant (D:6)
  4 necrophages
  A howler monkey (D:6)
  2 orc priests
  4 hounds
  Ijyb (D:3)
  4 iguanas
  An orc wizard (D:4)
  3 mummies (Ossuary)
  Robin (D:3)
  7 adders
  11 gnolls
  2 shadow imps (D:6)
  3 white imps
  A worm (D:3)
  4 dart slugs
  12 orcs
  6 ball pythons
  4 bats
  6 endoplasms
  3 giant cockroaches
  5 gnoll zombies (Ossuary)
  13 goblins
  7 hobgoblins
  12 kobolds
  4 quokkas
  A frilled lizard (D:2)
  3 gnoll skeletons (Ossuary)
  4 goblin skeletons (Ossuary)
  5 goblin zombies (Ossuary)
  3 hobgoblin skeletons (Ossuary)
  2 hobgoblin zombies (Ossuary)
  3 kobold skeletons (Ossuary)
  4 kobold zombies (Ossuary)
  4 orc skeletons (Ossuary)
  5 orc zombies (Ossuary)
  8 rats
  8 rat skeletons (Ossuary)
  4 rat zombies (Ossuary)
183 creatures vanquished.

Vanquished Creatures (others)
  A bat (D:3)
  10 plants (D:7)
11 creatures vanquished.

Grand Total: 194 creatures vanquished

Notes
Turn   | Place    | Note
-------+----------+-------------------------------------------
     0 | D:1      | smilodon the Demonspawn Gladiator began the quest for the
                  | Orb.
     0 | D:1      | Reached XP level 1. HP: 16/16 MP: 1/1
   134 | D:1      | Found Loerahoj's Antique Weapon Shop.
   149 | D:1      | Gained mutation: You regenerate a little health from kills.
                  | [demonic ancestry]
   149 | D:1      | Reached XP level 2. HP: 23/23 MP: 2/2
   164 | D:1      | Reached skill level 3 in Long Blades
   568 | D:1      | Reached XP level 3. HP: 28/28 MP: 3/3
  1442 | D:2      | Noticed a shining eye
  1444 | D:2      | Found a faded altar of an unknown god.
  1508 | D:2      | Noticed an eye of devastation
  1512 | D:2      | Noticed a floating eye
  1512 | D:2      | Noticed a floating eye
  1763 | D:3      | Noticed Robin
  1778 | D:3      | Gained mutation: You are partially covered in thin metallic
                  | scales. (AC +2) [demonic ancestry]
  1778 | D:3      | Reached XP level 4. HP: 32/35 MP: 4/4
  1794 | D:3      | Killed Robin
  1801 | D:3      | Reached skill level 4 in Long Blades
  1831 | D:3      | Noticed Ijyb
  1839 | D:3      | Killed Ijyb
  1918 | D:3      | Reached XP level 5. HP: 41/41 MP: 5/5
  2339 | D:4      | Found a staircase to the Ecumenical Temple.
  2382 | Temple   | Entered the Ecumenical Temple
  2516 | D:4      | Reached skill level 5 in Long Blades
  2516 | D:4      | Reached XP level 6. HP: 48/48 MP: 6/6
  2860 | D:4      | Identified the amulet "Akurucif" {Faith Rampage rN+ Dex+5}
  2896 | D:5      | Entered Level 5 of the Dungeon
  2926 | D:5      | Reached skill level 1 in Armour
  2926 | D:5      | Gained mutation: You are mostly covered in thin metallic
                  | scales. (AC +3) [demonic ancestry]
  2926 | D:5      | Reached XP level 7. HP: 55/55 MP: 7/7
  2983 | D:5      | Reached skill level 6 in Long Blades
  3014 | D:5      | Reached skill level 1 in Shields
  3025 | D:5      | Found Decsyp's Distillery.
  3681 | D:5      | Gained mutation: You possess an exceptional clarity of
                  | mind. [potion of mutation]
  3731 | D:6      | Found a sand-covered staircase.
  3736 | Ossuary  | Entered an ossuary
  3986 | Ossuary  | Noticed Menkaure
  3993 | Ossuary  | Killed Menkaure
  4252 | D:6      | Gained mutation: You have a pair of small antennae on your
                  | head. [demonic ancestry]
  4252 | D:6      | Reached XP level 8. HP: 52/61 MP: 8/8
  4307 | D:6      | Reached skill level 7 in Long Blades
  4444 | D:6      | HP: 3/61 [poisoned by a gnoll sergeant]
  4467 | D:6      | Found a hide-covered altar of Uskayaw.
  5388 | D:7      | Noticed Maggie
  5399 | D:7      | Killed Maggie
  5631 | D:7      | Noticed a white ugly thing
  5660 | D:7      | Mangled by a white ugly thing

Illustrated notes

Levels and vault maps discovered:
D:1:      minmay_arrival_radiant_lines, layout_loops_ring, serial_shops, shop
D:2:      layout_loops_cross, hellmonk_ecumenical_altar_watching_god,
          hangedman_feature_mirror
D:3:      minmay_inner_zag, layout_basic, serial_bayou_pond_e, uniq_robin,
          uniq_ijyb
D:4:      layout_loops_cross, minmay_temple_entry_junction
D:5:      layout_cave_pools, minmay_misc_feat_more_columns, nrook_campfire,
          nicolae_take_the_stairs, hangedman_abyss_or_decor_jellyfish_corner
D:6:      layout_cave_pods, kennysheep_mini, enter_ossuary_5
D:7:      layout_basic, minmay_shattered_shrine, uniq_maggie,
          uniq_prince_ribbit1
Temple:   nicolae_temple_bog_church

Skill      XL: |  1  2  3  4  5  6  7  8 |
---------------+-------------------------+-----
Long Blades    | 3 4 5 6 7 |  7.7
Fighting       | 3 4 |  4.3
Dodging        | 3 4 |  4.7
Armour         | 1 2 3 |  3.9
Shields        | 2 3 |  3.4
Throwing       | |  1.8
Stealth        | |  0.2
Evocations     | |  0.1

Action                   |  1- 3 |  4- 6 |  7- 9 || total
-------------------------+-------+-------+-------++-------
Melee: Long sword        |    85 |   109 |   213 ||   407
Throw: Throwing net      |       |     2 |       ||     2
Evoke: Wand              |       |       |     4 ||     4
  Use: Scroll            |     2 |       |    14 ||    16
       Potion            |     1 |       |     6 ||     7
Armor: Ring mail         |     5 |       |       ||     5
       Chain mail        |    60 |    73 |       ||   133
       Plate armour      |       |    12 |   101 ||   113
Dodge: Dodged            |    50 |    45 |     8 ||   103
Block: Tower shield      |       |     4 |   114 ||   118
